Flyers vs Kraken
Created - April 3, 2025 at 22:06
Goals
|
| Flyers |
0 |
1 |
1 |
2 |
| Kraken |
0 |
2 |
1 |
3 |
|
Shots
|
| Flyers |
10 |
15 |
11 |
36 |
| Kraken |
11 |
12 |
7 |
30 |
|
1st period
No Goal
Penalties :
No Penalty
2nd period
1. Flyers , Jordan Nolan 32 (Travis Konecny 22, Nick Ritchie 37) at 1:08
2. Kraken , Marcus Johansson 16 (Erik Gudbranson 18) at 2:58
3. Kraken , Brendan Gallagher 35 (Brendan Lemieux 33, Brady Skjei 44) at 7:27
Penalties :
Brendan Lemieux (Sea) for Roughing (Minor) at 3:47, Travis Konecny (Phi) for Holding (Minor) at 12:35
3rd period
4. Kraken , Brendan Lemieux 18 (Erik Gudbranson 19) at 11:28 (PP)
5. Flyers , Alexandre Grenier 6 (Michael Bournival 6, Jacob Trouba 14) at 14:22
Penalties :
Travis Konecny (Phi) for Roughing (Double Minor) at 3:31, Nathan Beaulieu (Phi) for Slashing (Double Minor) at 10:55, Jamie Oleksiak (Sea) for Tripping (Minor) at 15:34
Goalie Stats
Ilya Sorokin (Phi), 27 saves from 30 shots - (0.900), L, 5-9-3, 59:13 minutes
Thomas McCollum (Sea), 34 saves from 36 shots - (0.944), W, 4-9-2, 60:00 minutes
Players Stats for Flyers
Player Name G A P +/- PIM S H SB GA TA FO MP PP MP PK MP
------------------------------------------------------------------------------------
Alexandre Grenier 1 0 1 0 0 1 0 0 0 0 0/0 7:10 0:00 0:00
Brian Lashoff 0 0 0 1 0 1 2 2 0 1 0/0 25:45 2:45 4:55
Cal Foote 0 0 0 0 0 0 2 1 0 0 0/0 15:48 0:00 3:22
Calle Jarnkrok 0 0 0 -1 0 1 1 0 0 0 2/3 13:13 0:00 1:55
Erik Karlsson 0 0 0 -1 0 1 1 0 0 0 0/0 17:03 0:00 0:30
Hampus Lindholm 0 0 0 1 0 2 0 4 0 0 0/0 27:41 2:45 4:55
Jacob Trouba 0 1 1 -1 0 1 2 0 0 0 0/0 20:25 1:13 3:18
Jordan Nolan 1 0 1 1 0 6 0 0 0 0 23/33 19:58 1:58 0:00
Kasperi Kapanen 0 0 0 0 0 4 2 1 0 0 1/1 13:58 2:00 0:00
Kevin Hayes 0 0 0 0 0 2 0 0 0 0 12/21 18:52 2:00 4:53
Lucas Wallmarkk 0 0 0 0 0 1 0 0 0 0 1/3 7:10 0:00 0:00
Max Pacioretty 0 0 0 0 0 3 3 0 0 0 0/0 17:11 2:00 2:48
Michael Bournival 0 1 1 0 0 1 0 0 0 0 0/0 8:16 0:00 0:49
Nathan Beaulieu 0 0 0 0 4 0 0 0 0 0 0/0 13:34 1:13 0:00
Nick Ritchie 0 1 1 1 0 8 1 0 2 0 0/0 21:57 1:58 1:42
Niclas Bergfors 0 0 0 -1 0 1 0 0 1 0 0/0 9:41 0:00 0:00
Samuel Morin 0 0 0 -1 0 0 0 0 0 0 0/0 14:35 0:00 4:53
Travis Konecny 0 1 1 1 6 3 1 0 0 1 1/2 19:10 1:58 0:00
Players Stats for Kraken
Player Name G A P +/- PIM S H SB GA TA FO MP PP MP PK MP
------------------------------------------------------------------------------------
Andrei Loktionov 0 0 0 1 0 0 0 1 0 1 5/10 14:04 3:57 0:00
Brady Skjei 0 1 1 2 0 2 0 1 0 1 0/0 24:45 4:18 2:45
Brendan Gallagher 1 0 1 0 0 4 1 1 1 0 1/1 21:40 3:55 1:22
Brendan Lemieux 1 1 2 0 2 3 1 0 0 0 0/0 20:23 4:13 0:00
Erik Gudbranson 0 2 2 2 0 0 2 5 0 0 0/0 24:45 4:18 2:45
Jalen Chatfield 0 0 0 -2 0 0 0 1 0 1 0/0 15:32 0:00 0:00
Jamie Oleksiak 0 0 0 -2 2 0 0 2 1 0 0/0 15:32 0:00 0:00
Jason Spezza 0 0 0 -1 0 2 3 0 0 0 0/1 15:35 3:44 0:00
JT Compher 0 0 0 0 0 5 0 0 0 0 0/0 8:16 0:00 0:00
Kyle Rau 0 0 0 1 0 1 0 0 0 0 1/6 11:02 0:00 1:22
Logan Couture 0 0 0 -1 0 2 0 0 0 0 7/21 16:37 0:44 2:36
Marcus Johansson 1 0 1 1 0 5 1 1 0 0 0/0 13:47 3:57 0:00
Nikita Zaitsev 0 0 0 0 0 1 1 2 0 0 0/0 19:43 4:12 1:13
Olli Maatta 0 0 0 0 0 0 1 1 0 0 0/0 19:43 4:12 1:13
Ryan Nugent-Hopkins 0 0 0 -1 0 1 1 0 0 0 9/22 18:40 3:58 0:00
Tyler Bertuzzi 0 0 0 -1 0 2 3 2 0 0 0/2 16:17 0:38 2:36
Victor Olofsson 0 0 0 0 0 2 0 0 0 0 0/0 8:40 0:24 0:00
Zach Hyman 0 0 0 1 0 0 1 0 0 0 0/0 10:59 0:00 0:00
3 Stars
1 - Erik Gudbranson (Sea)
2 - Thomas McCollum (Sea)
3 - Marcus Johansson (Sea)
Power Play
Flyers - 0 on 2 Attempt(s) - 0.00%
Kraken - 1 on 5 Attempt(s) - 20.00%
Penalty Kill
Flyers - 4 on 5 Attempt(s) - 80.00%
- Score 0 goal in Penalty Kill
Kraken - 2 on 2 Attempt(s) - 100.00%
- Score 0 goal in Penalty Kill
Team Stat
Flyers - Hits : 15 - Faceoff Wins : 40 - Blocked Shots : 8 - Penalty Minutes : 10
Kraken - Hits : 15 - Faceoff Wins : 23 - Blocked Shots : 17 - Penalty Minutes : 4
Official
Referees : Brian Pochmara and Peter MacDougall
Linesman : Travis Toomey and Michel Cormier
Game Notes
No Game Note
Finance
Level 1 -- Attendance: 5759 (95.98%) -- Ticket Income $575,900
Level 2 -- Attendance: 5000 (100.00%) -- Ticket Income $350,000
Level 3 -- Attendance: 1969 (98.45%) -- Ticket Income $78,760
Level 4 -- Attendance: 3923 (98.08%) -- Ticket Income $117,690
Luxury Box -- Attendance: 929 (92.90%) -- Ticket Income $185,800
Game was played at the Climate Pledge Arena.
Total Attendance: 17580 (97.67%)
Total Ticket Income: $1,308,150
Other Income: $196,222
Total Income: $1,504,372
Flyers
5 vs 5 Forward
Center Left Wing Right Wing Time % Phy DF OF
1 Jordan Nolan Nick Ritchie Travis Konecny 40 0 2 3
2 Kevin Hayes Max Pacioretty Kasperi Kapanen 30 0 2 3
3 Calle Jarnkrok Samuel Morin Niclas Bergfors 22 0 3 2
4 Lucas Wallmarkk Michael Bournival Alexandre Grenier 8 1 3 1
5 vs 5 Defense
Defense Defense Time % Phy DF OF
1 Hampus Lindholm Brian Lashoff 40 0 3 2
2 Jacob Trouba Erik Karlsson 33 0 2 3
3 Nathan Beaulieu Cal Foote 20 0 3 2
4 Hampus Lindholm Erik Karlsson 7 0 2 3
PowerPlay Forward
Center Left Wing Right Wing Time % Phy DF OF
1 Jordan Nolan Nick Ritchie Travis Konecny 55 0 1 4
2 Kevin Hayes Max Pacioretty Kasperi Kapanen 45 0 1 4
PowerPlay Defense
Defense Defense Time % Phy DF OF
1 Hampus Lindholm Brian Lashoff 55 0 1 4
2 Nathan Beaulieu Jacob Trouba 45 0 1 4
Penalty Kill 4 Players Forward
Center Wing Time % Phy DF OF
1 Kevin Hayes Samuel Morin 60 1 4 0
2 Calle Jarnkrok Max Pacioretty 40 1 4 0
Penalty Kill 4 Players Defense
Defense Defense Time % Phy DF OF
1 Hampus Lindholm Brian Lashoff 55 1 4 0
2 Jacob Trouba Cal Foote 45 1 4 0
Penalty Kill - 3 Players Forward
Forward Time % Phy DF OF
1 Kevin Hayes 55 1 4 0
2 Jordan Nolan 45 1 4 0
Penalty Kill - 3 Players Defense
Defense Defense Time % Phy DF OF
1 Hampus Lindholm Brian Lashoff 55 1 4 0
2 Jacob Trouba Cal Foote 45 1 4 0
4 vs 4 Forward
Center Wing Time % Phy DF OF
1 Jordan Nolan Nick Ritchie 55 0 2 3
2 Kevin Hayes Kasperi Kapanen 45 0 2 3
4 vs 4 Defense
Defense Defense Time % Phy DF OF
1 Hampus Lindholm Brian Lashoff 55 0 3 2
2 Jacob Trouba Erik Karlsson 45 0 3 2
Last Minutes Offensive
Center Left Wing Right Wing Defense Defense
Jordan Nolan Nick Ritchie Kasperi Kapanen Hampus Lindholm Brian Lashoff
Last Minutes Defensive
Center Left Wing Right Wing Defense Defense
Kevin Hayes Samuel Morin Kasperi Kapanen Hampus Lindholm Brian Lashoff
Goaltenders
Starting : Ilya Sorokin
Backup : Steve Mason
Extra Forwards
Normal : Nick Ritchie, Kasperi Kapanen, Calle Jarnkrok - PP : Nick Ritchie, Kevin Hayes - PK : Nick Ritchie
Extra Defensemen
Normal : Hampus Lindholm, Erik Karlsson, Nathan Beaulieu - PP : Hampus Lindholm - PK : Hampus Lindholm, Erik Karlsson
Penalty Shots
Niclas Bergfors, Jordan Nolan, Kasperi Kapanen, Travis Konecny, Nick Ritchie
Custom OT Lines Forwards
Jordan Nolan, Nick Ritchie, Kasperi Kapanen, Niclas Bergfors, Travis Konecny, Max Pacioretty, Samuel Morin, Kevin Hayes, Calle Jarnkrok, Michael Bournival
Custom OT Lines Defensemen
Hampus Lindholm, Brian Lashoff, Erik Karlsson, Nathan Beaulieu, Jacob Trouba
Scratches
None
Kraken
5 vs 5 Forward
Center Left Wing Right Wing Time % Phy DF OF
1 Ryan Nugent-Hopkins Brendan Lemieux Brendan Gallagher 40 0 2 3
2 Logan Couture Tyler Bertuzzi Jason Spezza 30 0 2 3
3 Andrei Loktionov Marcus Johansson Zach Hyman 25 0 2 3
4 Kyle Rau JT Compher Victor Olofsson 5 1 2 2
5 vs 5 Defense
Defense Defense Time % Phy DF OF
1 Brady Skjei Erik Gudbranson 40 0 3 2
2 Olli Maatta Nikita Zaitsev 30 0 3 2
3 Jamie Oleksiak Jalen Chatfield 29 0 3 2
4 Jamie Oleksiak Jalen Chatfield 1 0 3 2
PowerPlay Forward
Center Left Wing Right Wing Time % Phy DF OF
1 Ryan Nugent-Hopkins Brendan Lemieux Brendan Gallagher 50 0 1 4
2 Andrei Loktionov Marcus Johansson Jason Spezza 50 0 1 4
PowerPlay Defense
Defense Defense Time % Phy DF OF
1 Brady Skjei Erik Gudbranson 50 0 1 4
2 Olli Maatta Nikita Zaitsev 50 0 1 4
Penalty Kill 4 Players Forward
Center Wing Time % Phy DF OF
1 Logan Couture Tyler Bertuzzi 55 1 3 1
2 Kyle Rau Brendan Gallagher 45 1 3 1
Penalty Kill 4 Players Defense
Defense Defense Time % Phy DF OF
1 Brady Skjei Erik Gudbranson 55 1 3 1
2 Olli Maatta Nikita Zaitsev 45 1 3 1
Penalty Kill - 3 Players Forward
Forward Time % Phy DF OF
1 Ryan Nugent-Hopkins 50 1 3 1
2 Andrei Loktionov 50 1 3 1
Penalty Kill - 3 Players Defense
Defense Defense Time % Phy DF OF
1 Olli Maatta Nikita Zaitsev 50 1 3 1
2 Jalen Chatfield Jamie Oleksiak 50 1 3 1
4 vs 4 Forward
Center Wing Time % Phy DF OF
1 Andrei Loktionov Tyler Bertuzzi 50 1 2 2
2 Logan Couture Marcus Johansson 50 1 2 2
4 vs 4 Defense
Defense Defense Time % Phy DF OF
1 Olli Maatta Nikita Zaitsev 50 1 2 2
2 Jalen Chatfield Jamie Oleksiak 50 1 2 2
Last Minutes Offensive
Center Left Wing Right Wing Defense Defense
Ryan Nugent-Hopkins Marcus Johansson Brendan Lemieux Brady Skjei Erik Gudbranson
Last Minutes Defensive
Center Left Wing Right Wing Defense Defense
Logan Couture Tyler Bertuzzi Zach Hyman Olli Maatta Nikita Zaitsev
Goaltenders
Starting : Thomas McCollum
Backup : Laurent Brossoit
Extra Forwards
Normal : Logan Couture, Tyler Bertuzzi, Kyle Rau - PP : Logan Couture, Tyler Bertuzzi - PK : Brendan Lemieux
Extra Defensemen
Normal : Nikita Zaitsev, Jalen Chatfield, Olli Maatta - PP : Jamie Oleksiak - PK : Jalen Chatfield, Olli Maatta
Penalty Shots
Zach Hyman, Logan Couture, Brendan Gallagher, Ryan Nugent-Hopkins, Marcus Johansson
Custom OT Lines Forwards
Ryan Nugent-Hopkins, Brendan Gallagher, Brendan Lemieux, Andrei Loktionov, Marcus Johansson, Tyler Bertuzzi, Logan Couture, Kyle Rau, Zach Hyman, JT Compher
Custom OT Lines Defensemen
Erik Gudbranson, Brady Skjei, Olli Maatta, Nikita Zaitsev, Jamie Oleksiak
Scratches
Ebbe Siönäs (Healthy)
% Time on Ice - Flyers
Lines # - Real PCT - Wanted PCT - Time Play
Normal Forward
1 - 38% - 40% - 17:31
2 - 26% - 30% - 11:58
3 - 21% - 22% - 9:41
4 - 15% - 8% - 7:10
Normal Defense
1 - 37% - 40% - 17:11
2 - 34% - 33% - 15:53
3 - 24% - 20% - 11:08
4 - 5% - 7% - 2:08
PP Forward
1 - 50% - 55% - 1:58
2 - 50% - 45% - 2:00
PP Defense
1 - 69% - 55% - 2:45
2 - 31% - 45% - 1:13
PK Forward
1 - 81% - 60% - 6:55
2 - 19% - 40% - 1:35
PK Defense
1 - 60% - 55% - 5:08
2 - 40% - 45% - 3:22
PK3 Forward
1 - 0% - 55%
2 - 0% - 45%
PK3 Defense
1 - 0% - 55%
2 - 0% - 45%
44 Forward
1 - 0% - 55%
2 - 0% - 45%
44 Defense
1 - 0% - 55%
2 - 0% - 45%
Last Minute Offensive - 1:12
Last Minute Defensive - 0:00
Total
Forward - 60:00
Defense - 60:00
|
% Time on Ice - Kraken
Lines # - Real PCT - Wanted PCT - Time Play
Normal Forward
1 - 32% - 40% - 14:45
2 - 29% - 30% - 13:32
3 - 21% - 25% - 9:46
4 - 18% - 5% - 8:16
Normal Defense
1 - 38% - 40% - 17:34
2 - 29% - 30% - 13:13
3 - 31% - 29% - 14:11
4 - 3% - 1% - 1:21
PP Forward
1 - 50% - 50% - 4:16
2 - 50% - 50% - 4:14
PP Defense
1 - 51% - 50% - 4:18
2 - 49% - 50% - 4:12
PK Forward
1 - 66% - 55% - 2:36
2 - 34% - 45% - 1:22
PK Defense
1 - 69% - 55% - 2:45
2 - 31% - 45% - 1:13
PK3 Forward
1 - 0% - 50%
2 - 0% - 50%
PK3 Defense
1 - 0% - 50%
2 - 0% - 50%
44 Forward
1 - 0% - 50%
2 - 0% - 50%
44 Defense
1 - 0% - 50%
2 - 0% - 50%
Last Minute Offensive - 0:00
Last Minute Defensive - 1:13
Total
Forward - 60:00
Defense - 60:00
|
Play-by-Play
1st period
0:01 of 1st period - Jordan Nolan wins face-off versus Ryan Nugent-Hopkins in neutral zone.
0:24 of 1st period - Jordan Nolan is hit by Ryan Nugent-Hopkins and loses puck.
0:39 of 1st period - Wrist shot by Ryan Nugent-Hopkins.
0:39 of 1st period - Shot Misses the Net.
0:41 of 1st period - Slapshot by Brady Skjei.
0:41 of 1st period - Stopped by Ilya Sorokin without a rebound.
0:42 of 1st period - Logan Couture wins face-off versus Kevin Hayes in Flyers zone.
1:07 of 1st period - Snap shot by Andrei Loktionov.
1:07 of 1st period - Shot Misses the Net.
1:17 of 1st period - Wrist shot by Marcus Johansson.
1:17 of 1st period - Stopped by Ilya Sorokin without a rebound.
1:18 of 1st period - Logan Couture wins face-off versus Lucas Wallmarkk in Flyers zone.
1:33 of 1st period - Snap shot by Jason Spezza.
1:33 of 1st period - Stopped by Ilya Sorokin with a rebound.
1:45 of 1st period - Jalen Chatfield is hit by Cal Foote and loses puck.
2:15 of 1st period - Slapshot by Samuel Morin.
2:15 of 1st period - Shot Blocked by Nikita Zaitsev.
2:29 of 1st period - Snap shot by Niclas Bergfors.
2:29 of 1st period - Deflect By Nick Ritchie.
2:29 of 1st period - Stopped by Thomas McCollum without a rebound.
2:30 of 1st period - Jordan Nolan wins face-off versus Kyle Rau in Kraken zone.
2:47 of 1st period - Snap shot by Victor Olofsson.
2:47 of 1st period - Shot Misses the Net.
3:16 of 1st period - Snap shot by Erik Gudbranson.
3:16 of 1st period - Deflect By JT Compher.
3:16 of 1st period - Shot Misses the Net.
3:16 of 1st period - Puck is out of play.
3:17 of 1st period - Kevin Hayes wins face-off versus Logan Couture in Flyers zone.
3:17 of 1st period - Kevin Hayes is hit by Jason Spezza.
3:27 of 1st period - Slapshot by Kevin Hayes.
3:27 of 1st period - Deflect By Kasperi Kapanen.
3:27 of 1st period - Stopped by Thomas McCollum with a rebound.
4:11 of 1st period - Wrist shot by Michael Bournival.
4:11 of 1st period - Shot Misses the Net.
4:30 of 1st period - Slapshot by Kevin Hayes.
4:30 of 1st period - Stopped by Thomas McCollum with a rebound.
4:47 of 1st period - Snap shot by Hampus Lindholm.
4:47 of 1st period - Shot Misses the Net.
7:02 of 1st period - Backhand shot by Michael Bournival.
7:02 of 1st period - Shot Misses the Net.
7:04 of 1st period - Backhand shot by Brian Lashoff.
7:04 of 1st period - Shot Misses the Net.
7:06 of 1st period - Snap shot by Alexandre Grenier.
7:06 of 1st period - Shot Misses the Net.
8:16 of 1st period - Slapshot by Nick Ritchie.
8:16 of 1st period - Shot Blocked by Erik Gudbranson.
8:18 of 1st period - Wrist shot by Jordan Nolan.
8:18 of 1st period - Stopped by Thomas McCollum with a rebound.
8:20 of 1st period - Wrist shot by Jordan Nolan.
8:20 of 1st period - Shot Blocked by Marcus Johansson.
8:22 of 1st period - Backhand shot by Nick Ritchie.
8:22 of 1st period - Stopped by Thomas McCollum without a rebound.
8:23 of 1st period - Jordan Nolan wins face-off versus Ryan Nugent-Hopkins in Kraken zone.
8:24 of 1st period - Slapshot by Nick Ritchie.
8:24 of 1st period - Shot Blocked by Jalen Chatfield.
8:49 of 1st period - Jalen Chatfield is hit by Kasperi Kapanen and loses puck.
9:51 of 1st period - Wrist shot by JT Compher.
9:51 of 1st period - Stopped by Ilya Sorokin without a rebound.
9:52 of 1st period - Kyle Rau wins face-off versus Jordan Nolan in Flyers zone.
9:59 of 1st period - Wrist shot by Victor Olofsson.
9:59 of 1st period - Shot Misses the Net.
10:01 of 1st period - Snap shot by Kyle Rau.
10:01 of 1st period - Stopped by Ilya Sorokin with a rebound.
10:27 of 1st period - Slapshot by Max Pacioretty.
10:27 of 1st period - Shot Misses the Net.
10:29 of 1st period - Slapshot by Kevin Hayes.
10:29 of 1st period - Stopped by Thomas McCollum with a rebound.
10:31 of 1st period - Slapshot by Erik Karlsson.
10:31 of 1st period - Shot Blocked by Brendan Gallagher.
10:49 of 1st period - Snap shot by Jason Spezza.
10:49 of 1st period - Shot Blocked by Hampus Lindholm.
11:15 of 1st period - Slapshot by Brian Lashoff.
11:15 of 1st period - Shot Blocked by Erik Gudbranson.
11:29 of 1st period - Snap shot by JT Compher.
11:29 of 1st period - Stopped by Ilya Sorokin without a rebound.
11:30 of 1st period - Jordan Nolan wins face-off versus Kyle Rau in Flyers zone.
11:59 of 1st period - Wrist shot by Kasperi Kapanen.
11:59 of 1st period - Shot Hit the Post.
13:14 of 1st period - Wrist shot by Nick Ritchie.
13:14 of 1st period - Stopped by Thomas McCollum without a rebound.
13:15 of 1st period - Kevin Hayes wins face-off versus Ryan Nugent-Hopkins in Kraken zone.
14:46 of 1st period - Wrist shot by JT Compher.
14:46 of 1st period - Stopped by Ilya Sorokin without a rebound.
14:47 of 1st period - Jordan Nolan wins face-off versus Logan Couture in Flyers zone.
15:10 of 1st period - Wrist shot by Nick Ritchie.
15:10 of 1st period - Stopped by Thomas McCollum without a rebound.
15:11 of 1st period - Ryan Nugent-Hopkins wins face-off versus Calle Jarnkrok in Kraken zone.
15:42 of 1st period - Nathan Beaulieu is hit by Olli Maatta and loses puck.
16:03 of 1st period - Hampus Lindholm is hit by Nikita Zaitsev and loses puck.
16:28 of 1st period - Snap shot by Tyler Bertuzzi.
16:28 of 1st period - Stopped by Ilya Sorokin without a rebound.
16:29 of 1st period - Ryan Nugent-Hopkins wins face-off versus Jordan Nolan in Flyers zone.
16:36 of 1st period - Wrist shot by Brendan Gallagher.
16:36 of 1st period - Stopped by Ilya Sorokin without a rebound.
16:37 of 1st period - Jordan Nolan wins face-off versus Ryan Nugent-Hopkins in Flyers zone.
16:55 of 1st period - Slapshot by Hampus Lindholm.
16:55 of 1st period - Deflect By Brendan Gallagher.
16:55 of 1st period - Stopped by Thomas McCollum with a rebound.
17:17 of 1st period - Slapshot by Jordan Nolan.
17:17 of 1st period - Deflect By Nick Ritchie.
17:17 of 1st period - Shot Misses the Net.
17:17 of 1st period - Puck is out of play.
17:18 of 1st period - Logan Couture wins face-off versus Kevin Hayes in Kraken zone.
17:29 of 1st period - Wrist shot by Tyler Bertuzzi.
17:29 of 1st period - Shot Misses the Net.
17:43 of 1st period - Zach Hyman is hit by Jacob Trouba and loses puck.
17:54 of 1st period - Wrist shot by Calle Jarnkrok.
17:54 of 1st period - Shot Blocked by Andrei Loktionov.
18:10 of 1st period - Lucas Wallmarkk is hit by Erik Gudbranson and loses puck.
18:29 of 1st period - Snap shot by Tyler Bertuzzi.
18:29 of 1st period - Stopped by Ilya Sorokin with a rebound.
18:37 of 1st period - Snap shot by Logan Couture.
18:37 of 1st period - Stopped by Ilya Sorokin with a rebound.
19:17 of 1st period - Snap shot by Kasperi Kapanen.
19:17 of 1st period - Stopped by Thomas McCollum with a rebound.
19:33 of 1st period - Brian Lashoff is hit by Tyler Bertuzzi and loses puck.
19:50 of 1st period - Ryan Nugent-Hopkins is hit by Brian Lashoff and loses puck.
Goals for this period are 0 for Flyers vs 0 for Kraken.
Shots for this period are 10 for Flyers vs 11 for Kraken.
2nd period
0:01 of 2nd period - Ryan Nugent-Hopkins wins face-off versus Jordan Nolan in neutral zone.
0:28 of 2nd period - Slapshot by Jacob Trouba.
0:28 of 2nd period - Deflect By Logan Couture.
0:28 of 2nd period - Stopped by Thomas McCollum with a rebound.
0:54 of 2nd period - Slapshot by Kyle Rau.
0:54 of 2nd period - Shot Misses the Net.
0:56 of 2nd period - Snap shot by JT Compher.
0:56 of 2nd period - Stopped by Ilya Sorokin without a rebound.
0:57 of 2nd period - Jordan Nolan wins face-off versus Ryan Nugent-Hopkins in Flyers zone.
1:08 of 2nd period - Wrist shot by Jordan Nolan.
1:08 of 2nd period - Goal by Jordan Nolan - Flyers : 1 - Kraken : 0.
1:09 of 2nd period - Jordan Nolan wins face-off versus Ryan Nugent-Hopkins in neutral zone.
2:58 of 2nd period - Slapshot by Marcus Johansson.
2:58 of 2nd period - Goal by Marcus Johansson - Flyers : 1 - Kraken : 1.
2:59 of 2nd period - Jordan Nolan wins face-off versus Ryan Nugent-Hopkins in neutral zone.
3:12 of 2nd period - Wrist shot by Nick Ritchie.
3:12 of 2nd period - Shot Blocked by Erik Gudbranson.
3:14 of 2nd period - Slapshot by Jordan Nolan.
3:14 of 2nd period - Stopped by Thomas McCollum with a rebound.
3:16 of 2nd period - Snap shot by Travis Konecny.
3:16 of 2nd period - Deflect By Jordan Nolan.
3:16 of 2nd period - Stopped by Thomas McCollum without a rebound.
3:17 of 2nd period - Kevin Hayes wins face-off versus Logan Couture in Kraken zone.
3:24 of 2nd period - Slapshot by Nikita Zaitsev.
3:24 of 2nd period - Stopped by Ilya Sorokin without a rebound.
3:25 of 2nd period - Kevin Hayes wins face-off versus Logan Couture in Flyers zone.
3:25 of 2nd period - Kevin Hayes is hit by Jason Spezza.
3:39 of 2nd period - Wrist shot by Kasperi Kapanen.
3:39 of 2nd period - Shot Misses the Net.
3:41 of 2nd period - Wrist shot by Max Pacioretty.
3:41 of 2nd period - Stopped by Thomas McCollum with a rebound.
3:43 of 2nd period - Snap shot by Max Pacioretty.
3:43 of 2nd period - Stopped by Thomas McCollum without a rebound.
3:44 of 2nd period - Ryan Nugent-Hopkins wins face-off versus Jordan Nolan in Kraken zone.
3:44 of 2nd period - Brady Skjei is hit by Travis Konecny and loses puck.
3:47 of 2nd period - Minor Penalty to Brendan Lemieux for Roughing.
3:48 of 2nd period - Logan Couture wins face-off versus Jordan Nolan in Kraken zone.
4:03 of 2nd period - Wrist shot by Jordan Nolan.
4:03 of 2nd period - Stopped by Thomas McCollum with a rebound.
4:05 of 2nd period - Wrist shot by Nick Ritchie.
4:05 of 2nd period - Stopped by Thomas McCollum without a rebound.
4:06 of 2nd period - Logan Couture wins face-off versus Kevin Hayes in Kraken zone.
4:37 of 2nd period - Snap shot by Travis Konecny.
4:37 of 2nd period - Shot Misses the Net.
4:39 of 2nd period - Snap shot by Travis Konecny.
4:39 of 2nd period - Stopped by Thomas McCollum without a rebound.
4:40 of 2nd period - Kevin Hayes wins face-off versus Logan Couture in Kraken zone.
4:45 of 2nd period - Snap shot by Kasperi Kapanen.
4:45 of 2nd period - Shot Misses the Net.
5:13 of 2nd period - Nikita Zaitsev is hit by Nick Ritchie and loses puck.
5:46 of 2nd period - Max Pacioretty is hit by Erik Gudbranson and loses puck.
5:47 of 2nd period - Penalty to Brendan Lemieux is over, Brendan Lemieux is back on ice.
5:55 of 2nd period - Brendan Gallagher is hit by Max Pacioretty and loses puck.
6:29 of 2nd period - Wrist shot by Brendan Lemieux.
6:29 of 2nd period - Stopped by Ilya Sorokin with a rebound.
6:31 of 2nd period - Slapshot by Brady Skjei.
6:31 of 2nd period - Stopped by Ilya Sorokin with a rebound.
6:39 of 2nd period - Snap shot by Brendan Lemieux.
6:39 of 2nd period - Stopped by Ilya Sorokin with a rebound.
6:59 of 2nd period - Slapshot by Brendan Gallagher.
6:59 of 2nd period - Stopped by Ilya Sorokin with a rebound.
7:27 of 2nd period - Slapshot by Brendan Gallagher.
7:27 of 2nd period - Goal by Brendan Gallagher - Flyers : 1 - Kraken : 2.
7:28 of 2nd period - Andrei Loktionov wins face-off versus Jordan Nolan in neutral zone.
7:31 of 2nd period - Slapshot by Nikita Zaitsev.
7:31 of 2nd period - Shot Blocked by Hampus Lindholm.
7:55 of 2nd period - Olli Maatta is hit by Max Pacioretty and loses puck.
8:32 of 2nd period - Off-side.
8:33 of 2nd period - Andrei Loktionov wins face-off versus Lucas Wallmarkk in neutral zone.
9:06 of 2nd period - Slapshot by Travis Konecny.
9:06 of 2nd period - Deflect By Zach Hyman.
9:06 of 2nd period - Shot Misses the Net.
9:06 of 2nd period - Puck is out of play.
9:07 of 2nd period - Jordan Nolan wins face-off versus Andrei Loktionov in Kraken zone.
10:10 of 2nd period - Slapshot by Jordan Nolan.
10:10 of 2nd period - Shot Misses the Net.
10:14 of 2nd period - Backhand shot by Travis Konecny.
10:14 of 2nd period - Deflect By Jalen Chatfield.
10:14 of 2nd period - Shot Misses the Net.
10:14 of 2nd period - Puck is out of play.
10:15 of 2nd period - Ryan Nugent-Hopkins wins face-off versus Jordan Nolan in Kraken zone.
10:25 of 2nd period - Slapshot by Ryan Nugent-Hopkins.
10:25 of 2nd period - Shot Misses the Net.
10:27 of 2nd period - Wrist shot by Ryan Nugent-Hopkins.
10:27 of 2nd period - Stopped by Ilya Sorokin without a rebound.
10:28 of 2nd period - Ryan Nugent-Hopkins wins face-off versus Jordan Nolan in Flyers zone.
10:35 of 2nd period - Backhand shot by Ryan Nugent-Hopkins.
10:35 of 2nd period - Deflect By Brendan Gallagher.
10:35 of 2nd period - Shot Hit the Post.
10:35 of 2nd period - Puck is out of play.
10:36 of 2nd period - Ryan Nugent-Hopkins wins face-off versus Jordan Nolan in Flyers zone.
10:57 of 2nd period - Wrist shot by Brendan Gallagher.
10:57 of 2nd period - Shot Blocked by Brian Lashoff.
11:11 of 2nd period - Snap shot by Brendan Lemieux.
11:11 of 2nd period - Shot Misses the Net.
11:13 of 2nd period - Snap shot by Erik Gudbranson.
11:13 of 2nd period - Shot Blocked by Hampus Lindholm.
11:15 of 2nd period - Snap shot by Brady Skjei.
11:15 of 2nd period - Shot Blocked by Brian Lashoff.
11:21 of 2nd period - Wrist shot by Brendan Gallagher.
11:21 of 2nd period - Deflect By Jordan Nolan.
11:21 of 2nd period - Shot Misses the Net.
11:21 of 2nd period - Puck is out of play.
11:22 of 2nd period - Kevin Hayes wins face-off versus Andrei Loktionov in Flyers zone.
11:59 of 2nd period - Samuel Morin is hit by Tyler Bertuzzi.
12:35 of 2nd period - Minor Penalty to Travis Konecny for Holding.
12:36 of 2nd period - Kevin Hayes wins face-off versus Ryan Nugent-Hopkins in Flyers zone.
12:58 of 2nd period - Icing by Brady Skjei.
12:59 of 2nd period - Kevin Hayes wins face-off versus Ryan Nugent-Hopkins in Kraken zone.
13:08 of 2nd period - Slapshot by Brady Skjei.
13:08 of 2nd period - Shot Blocked by Cal Foote.
13:10 of 2nd period - Snap shot by Brendan Gallagher.
13:10 of 2nd period - Stopped by Ilya Sorokin without a rebound.
13:11 of 2nd period - Kevin Hayes wins face-off versus Jason Spezza in Flyers zone.
14:35 of 2nd period - Penalty to Travis Konecny is over, Travis Konecny is back on ice.
15:11 of 2nd period - Snap shot by Lucas Wallmarkk.
15:11 of 2nd period - Stopped by Thomas McCollum with a rebound.
15:35 of 2nd period - Wrist shot by Victor Olofsson.
15:35 of 2nd period - Stopped by Ilya Sorokin without a rebound.
15:36 of 2nd period - Calle Jarnkrok wins face-off versus Kyle Rau in Flyers zone.
16:28 of 2nd period - Backhand shot by Erik Karlsson.
16:28 of 2nd period - Stopped by Thomas McCollum without a rebound.
16:29 of 2nd period - Jordan Nolan wins face-off versus Ryan Nugent-Hopkins in Kraken zone.
17:06 of 2nd period - Snap shot by Kasperi Kapanen.
17:06 of 2nd period - Shot Misses the Net.
17:12 of 2nd period - Kasperi Kapanen is hit by Zach Hyman and loses puck.
17:23 of 2nd period - Slapshot by Hampus Lindholm.
17:23 of 2nd period - Stopped by Thomas McCollum without a rebound.
17:24 of 2nd period - Calle Jarnkrok wins face-off versus Logan Couture in Kraken zone.
17:25 of 2nd period - Wrist shot by Niclas Bergfors.
17:25 of 2nd period - Stopped by Thomas McCollum with a rebound.
17:27 of 2nd period - Wrist shot by Calle Jarnkrok.
17:27 of 2nd period - Shot Blocked by Jamie Oleksiak.
17:31 of 2nd period - Wrist shot by Calle Jarnkrok.
17:31 of 2nd period - Stopped by Thomas McCollum with a rebound.
17:33 of 2nd period - Snap shot by Samuel Morin.
17:33 of 2nd period - Shot Blocked by Jamie Oleksiak.
18:01 of 2nd period - Wrist shot by Nick Ritchie.
18:01 of 2nd period - Stopped by Thomas McCollum with a rebound.
18:21 of 2nd period - Wrist shot by Marcus Johansson.
18:21 of 2nd period - Stopped by Ilya Sorokin without a rebound.
18:22 of 2nd period - Jordan Nolan wins face-off versus Andrei Loktionov in Flyers zone.
19:13 of 2nd period - Off-side.
19:14 of 2nd period - Jordan Nolan wins face-off versus Andrei Loktionov in neutral zone.
19:19 of 2nd period - Snap shot by Travis Konecny.
19:19 of 2nd period - Shot Misses the Net.
19:27 of 2nd period - Slapshot by Hampus Lindholm.
19:27 of 2nd period - Shot Misses the Net.
19:51 of 2nd period - Snap shot by Kevin Hayes.
19:51 of 2nd period - Shot Misses the Net.
Goals for this period are 1 for Flyers vs 2 for Kraken.
Shots for this period are 15 for Flyers vs 12 for Kraken.
3rd period
0:01 of 3rd period - Jordan Nolan wins face-off versus Ryan Nugent-Hopkins in neutral zone.
0:12 of 3rd period - Slapshot by Travis Konecny.
0:12 of 3rd period - Stopped by Thomas McCollum without a rebound.
0:13 of 3rd period - Jordan Nolan wins face-off versus Ryan Nugent-Hopkins in Kraken zone.
1:08 of 3rd period - Slapshot by Jason Spezza.
1:08 of 3rd period - Shot Blocked by Hampus Lindholm.
1:50 of 3rd period - Wrist shot by Victor Olofsson.
1:50 of 3rd period - Stopped by Ilya Sorokin without a rebound.
1:51 of 3rd period - Jordan Nolan wins face-off versus Kyle Rau in Flyers zone.
2:08 of 3rd period - Snap shot by Victor Olofsson.
2:08 of 3rd period - Deflect By JT Compher.
2:08 of 3rd period - Shot Misses the Net.
2:08 of 3rd period - Puck is out of play.
2:09 of 3rd period - Brendan Gallagher wins face-off versus Kevin Hayes in Flyers zone.
2:18 of 3rd period - Snap shot by Brendan Lemieux.
2:18 of 3rd period - Shot Blocked by Kasperi Kapanen.
2:47 of 3rd period - Icing by Jacob Trouba.
2:48 of 3rd period - Jordan Nolan wins face-off versus Logan Couture in Flyers zone.
3:31 of 3rd period - Double Minor Penalty to Travis Konecny for Roughing.
3:32 of 3rd period - Ryan Nugent-Hopkins wins face-off versus Kevin Hayes in Flyers zone.
4:04 of 3rd period - Snap shot by Marcus Johansson.
4:04 of 3rd period - Shot Misses the Net.
4:48 of 3rd period - Jacob Trouba is hit by Jason Spezza and loses puck.
6:00 of 3rd period - Nick Ritchie is hit by Tyler Bertuzzi and loses puck.
6:12 of 3rd period - Icing by Brady Skjei.
6:13 of 3rd period - Kevin Hayes wins face-off versus Andrei Loktionov in Kraken zone.
7:16 of 3rd period - Cal Foote is hit by Brendan Lemieux and loses puck.
7:31 of 3rd period - Penalty to Travis Konecny is over, Travis Konecny is back on ice.
7:38 of 3rd period - Kyle Rau is hit by Cal Foote and loses puck.
7:59 of 3rd period - Logan Couture is hit by Erik Karlsson and loses puck.
8:18 of 3rd period - Nikita Zaitsev is hit by Kasperi Kapanen and loses puck.
8:59 of 3rd period - Icing by Michael Bournival.
9:00 of 3rd period - Lucas Wallmarkk wins face-off versus Logan Couture in Flyers zone.
9:31 of 3rd period - Snap shot by Brendan Lemieux.
9:31 of 3rd period - Shot Misses the Net.
10:17 of 3rd period - Wrist shot by Andrei Loktionov.
10:17 of 3rd period - Shot Misses the Net.
10:19 of 3rd period - Slapshot by Marcus Johansson.
10:19 of 3rd period - Stopped by Ilya Sorokin with a rebound.
10:23 of 3rd period - Wrist shot by Andrei Loktionov.
10:23 of 3rd period - Shot Misses the Net.
10:33 of 3rd period - Brady Skjei is hit by Max Pacioretty and loses puck.
10:38 of 3rd period - Snap shot by Kasperi Kapanen.
10:38 of 3rd period - Stopped by Thomas McCollum with a rebound.
10:40 of 3rd period - Slapshot by Jacob Trouba.
10:40 of 3rd period - Shot Blocked by Tyler Bertuzzi.
10:55 of 3rd period - Double Minor Penalty to Nathan Beaulieu for Slashing.
10:56 of 3rd period - Andrei Loktionov wins face-off versus Kevin Hayes in Flyers zone.
11:23 of 3rd period - Hampus Lindholm is hit by Brendan Gallagher and loses puck.
11:28 of 3rd period - Wrist shot by Brendan Lemieux.
11:28 of 3rd period - Goal by Brendan Lemieux - Flyers : 1 - Kraken : 3.
11:29 of 3rd period - Andrei Loktionov wins face-off versus Kevin Hayes in neutral zone.
11:34 of 3rd period - Slapshot by Olli Maatta.
11:34 of 3rd period - Deflect By Marcus Johansson.
11:34 of 3rd period - Stopped by Ilya Sorokin with a rebound.
11:36 of 3rd period - Slapshot by Nikita Zaitsev.
11:36 of 3rd period - Shot Misses the Net.
11:38 of 3rd period - Slapshot by Nikita Zaitsev.
11:38 of 3rd period - Deflect By Marcus Johansson.
11:38 of 3rd period - Shot Misses the Net.
11:38 of 3rd period - Puck is out of play.
11:39 of 3rd period - Andrei Loktionov wins face-off versus Kevin Hayes in Flyers zone.
11:46 of 3rd period - Snap shot by Jason Spezza.
11:46 of 3rd period - Stopped by Ilya Sorokin without a rebound.
11:47 of 3rd period - Ryan Nugent-Hopkins wins face-off versus Kevin Hayes in Flyers zone.
13:28 of 3rd period - Penalty to Nathan Beaulieu is over, Nathan Beaulieu is back on ice.
13:44 of 3rd period - Wrist shot by JT Compher.
13:44 of 3rd period - Stopped by Ilya Sorokin without a rebound.
13:45 of 3rd period - Jordan Nolan wins face-off versus Kyle Rau in Flyers zone.
14:20 of 3rd period - Wrist shot by Michael Bournival.
14:20 of 3rd period - Stopped by Thomas McCollum with a rebound.
14:22 of 3rd period - Wrist shot by Alexandre Grenier.
14:22 of 3rd period - Goal by Alexandre Grenier - Flyers : 2 - Kraken : 3.
14:23 of 3rd period - Kevin Hayes wins face-off versus Ryan Nugent-Hopkins in neutral zone.
14:34 of 3rd period - Brendan Lemieux is hit by Brian Lashoff and loses puck.
14:49 of 3rd period - Travis Konecny is hit by Marcus Johansson and loses puck.
15:34 of 3rd period - Minor Penalty to Jamie Oleksiak for Tripping.
15:35 of 3rd period - Travis Konecny wins face-off versus Logan Couture in Kraken zone.
15:36 of 3rd period - Wrist shot by Nick Ritchie.
15:36 of 3rd period - Stopped by Thomas McCollum with a rebound.
15:38 of 3rd period - Wrist shot by Travis Konecny.
15:38 of 3rd period - Shot Blocked by Brady Skjei.
15:40 of 3rd period - Wrist shot by Travis Konecny.
15:40 of 3rd period - Stopped by Thomas McCollum with a rebound.
16:06 of 3rd period - Slapshot by Nathan Beaulieu.
16:06 of 3rd period - Shot Misses the Net.
16:08 of 3rd period - Snap shot by Kasperi Kapanen.
16:08 of 3rd period - Shot Misses the Net.
16:12 of 3rd period - Snap shot by Max Pacioretty.
16:12 of 3rd period - Deflect By Kasperi Kapanen.
16:12 of 3rd period - Shot Blocked by Erik Gudbranson.
16:12 of 3rd period - Puck is out of play.
16:13 of 3rd period - Jordan Nolan wins face-off versus Tyler Bertuzzi in Kraken zone.
16:28 of 3rd period - Wrist shot by Nick Ritchie.
16:28 of 3rd period - Stopped by Thomas McCollum without a rebound.
16:29 of 3rd period - Kevin Hayes wins face-off versus Logan Couture in Kraken zone.
16:30 of 3rd period - Slapshot by Kasperi Kapanen.
16:30 of 3rd period - Deflect By Max Pacioretty.
16:30 of 3rd period - Shot Blocked by Tyler Bertuzzi.
16:30 of 3rd period - Puck is out of play.
16:31 of 3rd period - Kasperi Kapanen wins face-off versus Logan Couture in Kraken zone.
16:42 of 3rd period - Snap shot by Hampus Lindholm.
16:42 of 3rd period - Shot Blocked by Erik Gudbranson.
16:46 of 3rd period - Wrist shot by Hampus Lindholm.
16:46 of 3rd period - Deflect By Kasperi Kapanen.
16:46 of 3rd period - Stopped by Thomas McCollum with a rebound.
16:58 of 3rd period - Slapshot by Brendan Gallagher.
16:58 of 3rd period - Shot Misses the Net.
17:12 of 3rd period - Wrist shot by Kasperi Kapanen.
17:12 of 3rd period - Shot Misses the Net.
17:14 of 3rd period - Wrist shot by Max Pacioretty.
17:14 of 3rd period - Stopped by Thomas McCollum with a rebound.
17:16 of 3rd period - Slapshot by Brian Lashoff.
17:16 of 3rd period - Stopped by Thomas McCollum without a rebound.
17:17 of 3rd period - Logan Couture wins face-off versus Travis Konecny in Kraken zone.
17:28 of 3rd period - Nikita Zaitsev is hit by Jacob Trouba and loses puck.
17:34 of 3rd period - Penalty to Jamie Oleksiak is over, Jamie Oleksiak is back on ice.
19:04 of 3rd period - Snap shot by Logan Couture.
19:04 of 3rd period - Stopped by Ilya Sorokin without a rebound.
19:05 of 3rd period - Peter Laviolette call a timeout for Flyers.
19:05 of 3rd period - Jordan Nolan wins face-off versus Logan Couture in Flyers zone.
19:11 of 3rd period - Icing by Logan Couture.
19:12 of 3rd period - Jordan Nolan wins face-off versus Tyler Bertuzzi in Kraken zone.
19:13 of 3rd period - Flyers, Ilya Sorokin is pulled from the net.
19:19 of 3rd period - Slapshot by Jordan Nolan.
19:19 of 3rd period - Deflect By Nick Ritchie.
19:19 of 3rd period - Shot Blocked by Olli Maatta.
19:19 of 3rd period - Puck is out of play.
19:20 of 3rd period - Jordan Nolan wins face-off versus Logan Couture in Kraken zone.
19:27 of 3rd period - Wrist shot by Jordan Nolan.
19:27 of 3rd period - Stopped by Thomas McCollum without a rebound.
19:28 of 3rd period - Jordan Nolan wins face-off versus Logan Couture in Kraken zone.
19:53 of 3rd period - Snap shot by Jordan Nolan.
19:53 of 3rd period - Deflect By Nick Ritchie.
19:53 of 3rd period - Shot Blocked by Nikita Zaitsev.
19:53 of 3rd period - Puck is out of play.
19:54 of 3rd period - Logan Couture wins face-off versus Jordan Nolan in Kraken zone.
19:54 of 3rd period - Logan Couture is hit by Calle Jarnkrok.
Goals for this period are 1 for Flyers vs 1 for Kraken.
Shots for this period are 11 for Flyers vs 7 for Kraken.